 Dungeon Crawl Stone Soup version 0.21-a0-584-g185da8e (webtiles) character file.

1612 solxrula the Cudgeler (level 8, -4/78 HPs)
             Began as a Troll Berserker on Dec 22, 2017.
             Was an Elder of Trog.
             Slain by an orc warrior
             ... wielding a +0 trident
              (22 damage)
             ... on level 6 of the Dungeon.
             The game lasted 00:24:26 (5200 turns).

solxrula the Cudgeler (Troll Berserker)             Turns: 5200, Time: 00:24:26

Health: -4/78      AC:  6    Str: 28    XL:     8   Next: 63%
Magic:  6/6        EV: 11    Int:  3    God:    Trog [****..]
Gold:   272        SH:  0    Dex:  9    Spells: 7/7 levels left

rFire    . . .     SeeInvis .   i - +3 hand axe
rCold    . . .     Gourm    +   (no shield)
rNeg     . . .     Faith    .   b - +1 animal skin
rPois    .         Spirit   .   (helmet restricted)
rElec    .         Reflect  .   (no cloak)
rCorr    .         Harm     .   (gloves unavailable)
MR       .....                  (boots unavailable)
Stlth    +.........             (no amulet)
HPRegen  0.63/turn              (no ring)
MPRegen  0.10/turn              (no ring)

@: berserk cooldown, hasted and slowed
A: large, unfitting armour, claws 3, blink, fast metabolism 3, gourmand, low mp
1, regeneration 1, shaggy fur 1, tough skin 2
a: Blink, Berserk, Trog's Hand, Brothers in Arms, Burn Spellbooks, Renounce
Religion


You were on level 6 of the Dungeon.
You worshipped Trog.
Trog was greatly pleased with you.
You were full.

You visited 1 branch of the dungeon, and saw 6 of its levels.

You collected 272 gold pieces.

Inventory:

Hand Weapons
 a - a +0 mace
 i - a +3 hand axe (weapon)
Missiles
 f - 151 stones (quivered)
Armour
 b - a +1 animal skin (worn)
Wands
 e - a wand of paralysis (21)
 j - a wand of iceblast (4)
Scrolls
 d - 8 scrolls of identify
 h - 2 scrolls of remove curse
 l - a scroll of enchant armour
 m - a scroll of amnesia {unknown}
 n - a scroll of fear
Potions
 g - a potion of haste
Comestibles
 c - 10 rations


   Skills:
 + Level 4.2 Fighting
 * Level 4.3(6.0) Axes
 + Level 7.1(7.8) Maces & Flails
 + Level 1.9 Throwing
 + Level 4.1 Dodging


You had 7 spell levels left.
You didn't know any spells.

Dungeon Overview and Level Annotations

Branches:
Dungeon (6/15)             Temple (0/1) D:5

Altars:
Ashenzari
Ru
Sif Muna

Shops:
D:5 %

Portals:
Ossuary: D:6

Annotations:
D:2 2 transporters


Innate Abilities, Weirdness & Mutations

You are too large for most types of armour.
You have claws for hands.
Your metabolism is lightning-fast.
You like to eat raw meat.
Your natural rate of healing is unusually fast.
You are covered in fur. (AC +1)
You have very tough skin. (AC +2)
You can translocate small distances at will.
Your magical capacity is low. (-10% MP)


Message History

You feel yourself moving faster!
You feel mighty!
You feel quite a bit less full. Something hits you but does no damage.
You slice something!! Trog accepts your kill.
Reactivating autopickup.
You feel a bit more experienced.
You feel a strong urge to attack something.
You feel your anger nearly subside.
You are no longer berserk.
You are exhausted.
You feel yourself slow down.
You hear the rapid hiss of a distant avalanche of sand.
The orc warrior shouts!
The orc warrior is too close now for your liking.
The orc warrior hits you but does no damage.
You feel yourself speed up.
The orc warrior hits you from afar with a trident!!
* * * LOW HITPOINT WARNING * * *
The hiss of flowing sand is almost imperceptible now.
The orc warrior hits you with a trident!!
You die...

#..............#
#............#.# #
#..(((.......#.# #
#.....<..)...#.# #
#.........?..... #
#...........!#### #
###########.....o............
(.........#########....#.....
................@o...........
.<######.....####.######..(..
### #.....## #.# .....
#########.##..# #.# #
........#.###.# #.#
........#.# #.###.#
.)........###.....#
........##........#
####'#####...($...# #########


You could see an orc warrior.

Vanquished Creatures
  Pikel (D:4)
  Menkaure (D:4)
  An ice beast (D:6)
  A phantom (D:5)
  A sky beast (D:6)
  An ogre (D:6)
  A centaur (D:6)
  A water moccasin skeleton (D:5)
  A howler monkey (D:6)
  A jelly (D:5)
  A bullfrog skeleton (D:4)
  A hound (D:5)
  An iguana (D:6)
  3 orc wizards
  4 worker ants
  A worker ant zombie (D:6)
  7 adders
  2 shadow imps
  An ooze (D:5)
  An adder skeleton (D:4)
  2 worms
  A dart slug (D:2)
  4 leopard geckos
  11 orcs
  7 giant cockroaches
  5 goblins
  13 hobgoblins
  11 jackals
  3 quokkas
  9 bats
  4 frilled lizards
  A jackal skeleton (D:4)
  10 kobolds
  8 rats
121 creatures vanquished.

Vanquished Creatures (others)
  An orc (D:6)
1 creature vanquished.

Grand Total: 122 creatures vanquished

Notes
Turn   | Place    | Note
-------+----------+-------------------------------------------
     0 | D:1      | solxrula the Troll Berserker began the quest for the Orb.
     0 | D:1      | Reached XP level 1. HP: 22/22 MP: 0/0
   122 | D:1      | Reached skill level 3 in Maces & Flails
   122 | D:1      | Reached XP level 2. HP: 29/29 MP: 1/1
   326 | D:1      | Reached ** piety under Trog
   395 | D:1      | Reached XP level 3. HP: 35/36 MP: 2/2
  1130 | D:2      | Found a deep blue altar of Sif Muna.
  1161 | D:2      | Found a transporter.
  1170 | D:2      | Found a transporter.
  1336 | D:2      | Gained mutation: You are dopey. (Int -2) [potion of mutation]
  1336 | D:2      | Gained mutation: You can translocate small distances at will. [potion of mutation]
  1336 | D:2      | Gained mutation: Your magical capacity is low. (-10% MP) [potion of mutation]
  1336 | D:2      | Lost mutation: You are dopey. (Int -2) [potion of mutation]
  1439 | D:3      | Found a shattered altar of Ashenzari.
  1516 | D:3      | Reached XP level 4. HP: 44/44 MP: 2/2
  1680 | D:3      | Reached skill level 4 in Maces & Flails
  2392 | D:4      | Noticed Menkaure
  2410 | D:4      | Killed Menkaure
  2410 | D:4      | Reached skill level 5 in Maces & Flails
  2410 | D:4      | Reached XP level 5. HP: 33/53 MP: 3/3
  2633 | D:4      | Reached *** piety under Trog
  2731 | D:4      | Found a sacrificial altar of Ru.
  2790 | D:4      | Reached XP level 6. HP: 32/61 MP: 4/4
  2840 | D:4      | Found a glowing drain.
  3149 | D:4      | Noticed a slave
  3150 | D:4      | Noticed a slave
  3150 | D:4      | Noticed Pikel
  3157 | D:4      | Noticed a slave
  3160 | D:4      | Noticed a slave
  3164 | D:4      | Killed Pikel
  3164 | D:4      | Reached skill level 6 in Maces & Flails
  3164 | D:4      | Reached skill level 1 in Throwing
  3164 | D:4      | Reached XP level 7. HP: 46/67 MP: 5/5
  3440 | D:5      | Entered Level 5 of the Dungeon
  3495 | D:5      | Reached skill level 7 in Maces & Flails
  3587 | D:5      | Found a staircase to the Ecumenical Temple.
  3880 | D:5      | Found Qufat's Food Emporium.
  4050 | D:5      | Reached skill level 1 in Axes
  4153 | D:5      | Reached XP level 8. HP: 78/78 MP: 6/6
  4915 | D:6      | Reached **** piety under Trog
  5089 | D:6      | Found a sand-covered staircase.
  5200 | D:6      | Slain by an orc warrior

Vault maps used:
D:1:      onia_arrival_mini_spirals, minmay_tetromino_i4
D:2:      gammafunk_temple_overflow_arena
D:3:      lemuel_statue_altar
D:4:      portal_sewer_entry_b, nicolae_ru_sacrificial_ziggurat, uniq_pikel,
          uniq_menkaure
D:5:      minmay_temple_entry_glassed_door, first_ration, serial_shops, shop
D:6:      nicolae_overflow_hidden_temple, enter_ossuary_2

Skill      XL: |  1  2  3  4  5  6  7  8 |
---------------+-------------------------+-----
Maces & Flails | 3 5 6 7 |  7.1
Fighting       | 3 4 |  4.2
Dodging        | 3 4 |  4.1
Throwing       | 1 |  1.9
Axes           | 1 4 |  4.3

Action                   |  1- 3 |  4- 6 |  7- 9 || total
-------------------------+-------+-------+-------++-------
Melee: Mace              |   156 |   160 |    17 ||   333
       Hand axe          |       |       |   181 ||   181
Throw: Stone             |       |    30 |    48 ||    78
Invok: Berserk           |       |     2 |     1 ||     3
Evoke: Wand              |       |       |     3 ||     3
  Use: Potion            |     7 |     3 |     3 ||    13
       Scroll            |     4 |     2 |     4 ||    10
 Stab: Sleeping          |       |     1 |       ||     1
  Eat: Chunk             |    19 |    15 |    16 ||    50
       Ration            |       |       |     1 ||     1
Armor: Animal skin       |    54 |    46 |    63 ||   163
Dodge: Dodged            |    68 |    61 |   124 ||   253

Table legend:
 A = Spawn XP
 B = Non-spawn XP
 C = Spawn XP percentage of total XP
 D = Spawn monster count
 E = Non-spawn monster count
 F = Spawn count percentage of total count
 G = Total turns spent on level
                    A         B        C        D         E        F      G
               +---------+---------+-------+---------+---------+-------+---------
         Total |       0 |    2304 |   0.0 |       0 |     121 |   0.0 |  5200
               +---------+---------+-------+---------+---------+-------+---------
           D:1 |       0 |      56 |   0.0 |       0 |      33 |   0.0 |   764
           D:2 |       0 |      38 |   0.0 |       0 |      15 |   0.0 |   669
           D:3 |       0 |      42 |   0.0 |       0 |      16 |   0.0 |   950
           D:4 |       0 |    1007 |   0.0 |       0 |      22 |   0.0 |  1057
           D:5 |       0 |     471 |   0.0 |       0 |      20 |   0.0 |  1217
           D:6 |       0 |     690 |   0.0 |       0 |      15 |   0.0 |   543
               +---------+---------+-------+---------+---------+-------+---------
